 Dungeon Crawl Stone Soup version 0.27.0-1-g7a089689b8 (webtiles) character file.

Game seed: 3687003132232223277

164 ToxicGLaDOS the Conjurer (level 5, -6/40 HPs)
             Began as a Draconian Conjurer on Aug 17, 2021.
             Killed from afar by an orc wizard (12 damage)
             ... with a puff of flame
             ... on level 3 of the Dungeon.
             The game lasted 00:17:01 (3193 turns).

ToxicGLaDOS the Conjurer (Draconian Conjurer)       Turns: 3193, Time: 00:17:02

Health: -6/40      AC:  7    Str:  9    XL:     5   Next: 21%
Magic:  2/8        EV: 12    Int: 20    God:
Gold:   60         SH:  5    Dex:  9    Spells: 5/8 levels left

rFire    . . .     SeeInvis .   c - +0 spear
rCold    . . .     Faith    .   (no shield)
rNeg     . . .     Spirit   .   (armour unavailable)
rPois    .         Reflect  +   (helmet restricted)
rElec    .         Harm     .   k - +0 cloak
rCorr    .         Rampage  .   (no gloves)
Will     +....                  e - +0 pair of boots
Stlth    ++........             m - amulet of reflection
HPRegen  0.13/turn              a - ring of willpower
MPRegen  0.11/turn              (no ring)

@: no status effects
A: AC +5, unfitting armour, cold-blooded
a: no special abilities


You were on level 3 of the Dungeon.
You visited 1 branch of the dungeon, and saw 3 of its levels.

You collected 60 gold pieces.

Inventory:

Hand Weapons
 c - a +0 spear (weapon)
Missiles
 d - 5 boomerangs
 f - 52 sling bullets
 h - 46 stones
 l - 13 bolts
 x - 11 poisoned darts
Armour
 e - a +0 pair of boots (worn)
 g - a +0 ring mail
 j - a +0 barding
 k - a +0 cloak (worn)
 n - a +0 leather armour
 o - a +0 leather armour
Jewellery
 a - a ring of willpower (left hand)
 m - an amulet of reflection (around neck)
 w - an amulet of the acrobat
Scrolls
 b - a scroll of silence {unknown}
 i - a scroll of torment {unknown}
 u - a scroll of magic mapping {unknown}
 v - a scroll of identify {unknown}
Potions
 p - a potion of resistance {unknown}
 q - a potion of heal wounds {unknown}
 r - a potion of curing {unknown}
 s - a potion of might {unknown}
 t - 2 potions of degeneration {unknown}


   Skills:
 + Level 1.2 Fighting
 + Level 2.3 Polearms
 + Level 0.2 Throwing
 + Level 2.7 Dodging
 + Level 2.2 Stealth
 + Level 0.3 Shields
 + Level 2.2 Spellcasting
 + Level 4.7 Conjurations


You had 5 spell levels left.
You knew the following spells:

 Your Spells              Type           Power      Damage    Failure   Level
a - Magic Dart            Conj           84%        1d7       2%          1
b - Searing Ray           Conj           42%        3d4       3%          2

Your spell library contained the following spells:

 Spells                   Type           Power      Damage    Failure   Level
 Dazzling Flash           Conj/Hex       22%        N/A       17%         3
 Ozocubu's Armour         Ice            2%         N/A       43%         3
 Fulminant Prism          Conj/Hex       5%         3d7       50%         4
 Iskenderun's Mystic Bla  Conj/Tloc      11%        2d4       50%         4
 Ozocubu's Refrigeration  Ice            1%         4d5       100%        7


Dungeon Overview and Level Annotations

Branches:
Dungeon (3/15)

Altars:
Wu Jian

Annotations:
D:3 Grinder


Innate Abilities, Weirdness & Mutations

Your plain brown scales are hard. (AC +5)
You cannot fit into any form of body armour.
You are cold-blooded and may be slowed by cold attacks.


Message History

Aiming: Magic Dart (safe; 2% risk of failure)
Press: ? - help, Q - select action, (/) - cycle Shift-Dir - straight line, f - orc wizard
Aim: an orc wizard, wielding a +0 dagger and wearing a +0 robe (100% to hit)
Okay, then.
Casting: Magic Dart (safe; 2% risk of failure)
Confirm with . or Enter, or press ? or * to list all spells.
Aiming: Searing Ray (safe; 3% risk of failure)
Press: ? - help, Shift-Dir - straight line, f - orc wizard
Aim: an orc wizard, wielding a +0 dagger and wearing a +0 robe (72% to hit)
The searing ray hits the orc wizard!
The orc wizard is heavily wounded. (Press . to maintain the ray.)
The orc wizard points at you and mumbles some strange words.
You resist with almost no effort.
You don't have enough magic to cast this spell.
You are too injured to fight recklessly!
Casting: Searing Ray (safe; 3% risk of failure)
Confirm with . or Enter, or press ? or * to list all spells.
You don't have enough magic to cast this spell.
Casting: Searing Ray (safe; 3% risk of failure)
Confirm with . or Enter, or press ? or * to list all spells.
Aiming: Magic Dart (safe; 2% risk of failure)
Press: ? - help, Shift-Dir - straight line, f/p - orc wizard
Aim: an orc wizard, wielding a +0 dagger and wearing a +0 robe (heavily wounded, 100% to hit)
The magic dart hits the orc wizard!
You kill the orc wizard!
You barely miss something.
You hear some strange, mumbled words.
A puff of flame appears from out of thin air!
The puff of flame hits you!
* * * LOW HITPOINT WARNING * * *
Press: ? - help, v - describe, . - travel The floor.
You block something's attack.
Items here: )) [[.
You see here a +0 flail.
You hear some strange, mumbled words.
A puff of flame appears from out of thin air!
The puff of flame hits you!
You die...

#.#.....###..........##.##..##..
#..####..######....))##.##)###..
##.# ##.# ####.)###....# #.. #.#
#.### #...####### #.. #.#
#...#### #.....## #.. #.#
###....# ##5.....### #.. #.#
####.###{..##....####.. #.#
#..#..####..#....... #.#
######.@.## ##..####...
........########.####.#.
.######.....##......#.<.
#####..#......###. ##........#
#. ###......# ## #......#
#......# #......#


You could see Grinder.

Vanquished Creatures
  An orc priest (D:3)
  Natasha (D:3)
  An orc wizard (D:3)
  2 adders (D:2)
  A worm (D:3)
  3 dart slugs
  5 orcs (D:3)
  6 ball pythons
  4 endoplasms
  2 giant cockroaches (D:2)
  5 goblins
  5 hobgoblins
  A quokka (D:1)
  3 bats
  5 frilled lizards
  3 kobolds
  4 rats
52 creatures vanquished.

Notes
Turn   | Place    | Note
-------+----------+-------------------------------------------
     0 | D:1      | ToxicGLaDOS the Draconian Conjurer began the quest for the
                  | Orb.
     0 | D:1      | Reached XP level 1. HP: 14/14 MP: 3/3
   798 | D:1      | Reached XP level 2. HP: 20/20 MP: 5/5
  1499 | D:2      | Reached skill level 1 in Polearms
  1501 | D:2      | Found an ornate altar of the Wu Jian Council.
  1579 | D:2      | Reached XP level 3. HP: 18/26 MP: 6/6
  2490 | D:3      | Noticed Natasha
  2500 | D:3      | Killed Natasha
  2501 | D:3      | Reached skill level 1 in Fighting
  2501 | D:3      | Reached XP level 4. HP: 35/35 MP: 0/7
  2755 | D:3      | Learned a level 2 spell: Searing Ray
  3127 | D:3      | Reached XP level 5. HP: 40/40 MP: 4/8
  3140 | D:3      | Noticed Grinder
  3152 | D:3      | Paralysed by Grinder for 2 turns
  3193 | D:3      | Killed from afar by an orc wizard

Illustrated notes

Levels and vault maps discovered:
D:1:      dpeg_arrival_round_a, layout_basic, serial_curves, eino_curves_04,
          eino_curves_02
D:2:      layout_basic, basic_altar
D:3:      layout_rooms, uniq_natasha, uniq_grinder

Skill      XL: |  1  2  3  4 |
---------------+-------------+-----
Dodging        | 2 |  2.7
Polearms       | 1 2 |  2.3
Stealth        | 2 |  2.2
Fighting       | 1 |  1.2
Throwing       | |  0.2
Shields        | |  0.3
Spellcasting   | |  2.2
Conjurations   | |  4.7

Action                   |  1- 3 |  4- 6 || total
-------------------------+-------+-------++-------
Melee: Spear             |   143 |    15 ||   158
       Tailslap          |    10 |     2 ||    12
Throw: Boomerang         |       |     6 ||     6
 Cast: Magic Dart        |    31 |    25 ||    56
       Searing Ray       |       |     2 ||     2
 Stab: Sleeping          |     4 |       ||     4
Armor: Skin              |    62 |     3 ||    65
Dodge: Dodged            |    79 |    10 ||    89
Block: Other             |     8 |     4 ||    12
       Reflection        |     1 |       ||     1
